 Dungeon Crawl Stone Soup version 0.30.2 (webtiles) character file.

Game seed: 9844576038041534806

1121 porpoise the Trooper (level 8, -1/62 HPs)
             Began as a Djinni Summoner on Feb 15, 2024.
             Was an Initiate of Makhleb.
             Slain by an orc warrior
             ... wielding a +0 glaive
              (22 damage)
             ... on level 6 of the Dungeon.
             The game lasted 00:20:37 (5507 turns).

porpoise the Trooper (Djinni Summoner)              Turns: 5507, Time: 00:20:38

Health: -1/62      AC:  4    Str:  7    XL:     8   Next: 61%
Gold:   252        EV: 16    Int: 20    God:    Makhleb [......] SH:  0 Dex: 13

rFire   + + .        a - +0 spear
rCold   x . .        (no shield)
rNeg    . . .        o - +0 troll leather armour {Pargi}
rPois   ∞            (no helmet)
rElec   .            (no cloak)
rCorr   .            (no gloves)
SInv    .            (boots unavailable)
Will    .....        (no amulet)
Stlth   ++           s - +5 ring of evasion
HPRegen 1.10/turn    (no ring)
MPRegen 0.00/turn

%: infuse magic (-2 HP)
@: flying, studying Maces & Flails
A: sickness immunity, fire resistance 2, cold vulnerability 1, float, innate
caster, HP casting, extra vitality 1
a: Renounce Religion


You were on level 6 of the Dungeon.
You worshipped Makhleb.
Makhleb was noncommittal.
You visited 2 branches of the dungeon, and saw 7 of its levels.

You collected 252 gold pieces.

Inventory:

Hand Weapons
 a - a +0 spear (weapon)
 b - a +2 dagger of draining
Missiles
 c - 16 poisoned darts
Armour
 o - a +0 troll leather armour (worn) {Pargi}
Jewellery
 s - a +5 ring of evasion (left hand)
Scrolls
 d - a scroll of fear
 f - a scroll of enchant weapon
 h - 2 scrolls of vulnerability {unknown}
 i - a scroll of amnesia {unknown}
 j - a scroll of poison {unknown}
 l - a scroll of magic mapping {unknown}
 n - a scroll of immolation {unknown}
 p - a scroll of brand weapon {unknown}
 q - a scroll of blinking {unknown}
 t - a scroll of teleportation {unknown}
 u - a scroll of torment {unknown}
 v - a scroll of fog {unknown}
Potions
 e - a potion of ambrosia
 g - 4 potions of brilliance
 k - a potion of invisibility {unknown}
 m - 4 potions of curing
 r - a potion of lignification {unknown}


   Skills:
 + Level 6.6 Fighting
 - Level 2.1 Dodging
 - Level 1.5 Stealth
 + Level 6.1 Spellcasting


You knew the following spells:

 Your Spells              Type           Power      Damage    Failure   Level
a - Summon Small Mammal   Summ           100%       N/A       1%          1
b - Call Imp              Summ           60%        N/A       1%          2
c - Call Canine Familiar  Summ           30%        N/A       3%          3
d - Summon Guardian Gole  Hex/Summ       30%        N/A       3%          3
e - Summon Lightning Spi  Summ/Air       30%        N/A       12%         4
f - Shock                 Conj/Air       100%       1d9       1%          1
g - Ensorcelled Hibernat  Hex/Ice        60%        N/A       1%          2
h - Lesser Beckoning      Tloc           60%        N/A       1%          2
Your spell library was empty.

Dungeon Overview and Level Annotations

Branches:
Dungeon (6/15)             Temple (1/1) D:4

Altars:
Ashenzari
Dithmenos
Elyvilon
Fedhas
Gozag
Hepliaklqana
Makhleb
Nemelex Xobeh
Okawaru
Qazlal
Ru
Trog
Uskayaw
Wu Jian
Xom
Yredelemnul
Zin

Annotations:
D:5 !nameless horror


Innate Abilities, Weirdness & Mutations

You are immune to sickness and miasma.
You are immune to poison.
Your flesh is very heat resistant. (rF++)
You are vulnerable to cold. (rC-)
You float through the air rather than walking.
You learn spells naturally, not from books.
Your magical power is your life essence.
You have superior vitality. (+4 MHP)


Message History

Reach: a) +0 spear
Press: ? - help, Dir - move target, f/p - white imp
Aim: a white imp (almost dead, not watching you, ally target, about 37% to evade your +0 spear)
You could not reach far enough!
The white imp gestures at your cerulean imp.
The puff of frost hits your cerulean imp.
Your cerulean imp dies!
Your cerulean imp disappears in a puff of smoke!
Reach: a) +0 spear
Press: ? - help, Dir - move target, f/p - white imp
Aim: a white imp (almost dead, unaware, hasn't noticed you, about 37% to evade your +0 spear)
Okay, then.
Unknown command.
Casting: Summon Small Mammal (safe; 1% risk of failure)
Confirm with . or Enter, or press ? or * to list all spells.
The white imp shouts, "Surrender, thou weedy hedge-born pissant!"
Unknown command.
Reach: a) +0 spear
Press: ? - help, Dir - move target, f/p - white imp
Aim: a white imp (black smoke, almost dead, ally target, about 37% to evade your +0 spear)
You barely miss the white imp.
The white imp is almost dead.
Your hound bites the white imp.
The white imp dies!
Makhleb accepts your kill. The orc warrior misses you.
Reach: a) +0 spear
Press: ? - help, Dir - move target, f - orc warrior
Aim: an orc warrior, wielding a +0 glaive and wearing a +0 chain mail (about 40% to evade your +0 spear)
You reach to attack!
You hit the orc warrior but do no damage.
The orc warrior hits you from afar with a +0 glaive!
Your hound barely misses the orc warrior.
Reach: a) +0 spear
Press: ? - help, Dir - move target, f/p - orc warrior
Aim: an orc warrior, wielding a +0 glaive and wearing a +0 chain mail (ally target, about 40% to evade your +0 spear)
You reach to attack!
You closely miss the orc warrior.
Your hound barely misses the orc warrior.
The orc warrior hits you from afar with a +0 glaive!!
You die...

..... ... ... ... #o#
.. #.# ###.##### #o#
#.... ..# ##h## #.#.#
#.# ##.@.## ##.#.#
#.###.....##
#....###.##.......##
###.....##.#....†....#
...........'..^......+
###.#...####.........#
#.##.## ##.......##
#.#### ##.....## #.#
##...##


You could see an orc warrior (ally target), an orc and a friendly hound
(summoned).

Vanquished Creatures
  Grinder (D:3)
  An adder (D:2)
  2 white imps
  5 orcs
  3 endoplasms
  A giant cockroach (D:4)
  A goblin (D:4)
  3 hobgoblins
  A jackal (D:4)
  2 quokkas (D:1)
  2 ball pythons
  A bat (D:2)
  A kobold (D:4)
  A rat (D:3)
25 creatures vanquished.

Vanquished Creatures (collateral kills)
  An ice beast (D:6)
  Pargi (D:3)
  An ogre (D:4)
  A centaur (D:6)
  2 phantoms
  2 scorpions (D:6)
  A howler monkey (D:6)
  A hound (D:6)
  An iguana (D:6)
  2 orc wizards (D:3)
  5 gnolls
  An adder (D:5)
  A white imp (D:6)
  3 worms
  3 dart slugs (D:1)
  An orc (D:3)
  3 ball pythons
  3 endoplasms
  6 goblins
  4 hobgoblins
  2 jackals (D:5)
  2 quokkas
  4 bats
  A frilled lizard (D:1)
  2 kobolds
54 creatures vanquished.

Grand Total: 79 creatures vanquished

Notes
Turn   | Place    | Note
-------+----------+-------------------------------------------
     0 | D:1      | porpoise the Djinni Summoner began the quest for the Orb.
     0 | D:1      | porpoise set off with the following spells memorised:
                  | Summon Small Mammal, Call Imp, Call Canine Familiar, Summon
                  | Guardian Golem, Summon Lightning Spire.
     0 | D:1      | Reached XP level 1. HP: 15/15 MP: 0/0
   122 | D:1      | Reached XP level 2. HP: 22/22 MP: 0/0
   149 | D:1      | Reached skill level 1 in Fighting
  1089 | D:1      | Reached XP level 3. HP: 22/27 MP: 0/0
  1089 | D:1      | Learned a level 1 spell: Shock
  1774 | D:2      | Found a faded altar of an unknown god.
  2004 | D:2      | Reached XP level 4. HP: 25/33 MP: 0/0
  2666 | D:3      | Reached XP level 5. HP: 11/40 MP: 0/0
  2666 | D:3      | Learned a level 2 spell: Ensorcelled Hibernation
  2823 | D:3      | Noticed Grinder
  2837 | D:3      | Paralysed by Grinder for 2 turns
  2851 | D:3      | Killed Grinder
  2852 | D:3      | Reached XP level 6. HP: 30/47 MP: 0/0
  3116 | D:3      | Noticed Pargi
  3150 | D:3      | Killed Pargi
  3151 | D:3      | Reached skill level 5 in Spellcasting
  3151 | D:3      | Reached XP level 7. HP: 11/53 MP: 0/0
  3151 | D:3      | Learned a level 2 spell: Lesser Beckoning
  4298 | D:4      | Found a staircase to the Ecumenical Temple.
  4307 | Temple   | Entered the Ecumenical Temple
  4449 | Temple   | Became a worshipper of Makhleb the Destroyer
  4561 | D:5      | Entered Level 5 of the Dungeon
  4596 | D:4      | Reached skill level 5 in Fighting
  4747 | D:5      | Noticed a nameless horror
  4914 | D:5      | Reached XP level 8. HP: 60/60 MP: 0/0
  5164 | D:6      | Found a sacrificial altar of Ru.
  5507 | D:6      | Slain by an orc warrior

Illustrated notes

Levels and vault maps discovered:
D:1:      scummos_arrival_simple_fountains, layout_loops_corners
D:2:      layout_rooms, basic_ecumenical_altar
D:3:      layout_basic, uniq_grinder, uniq_pargi
D:4:      minmay_chambers_of_fours, layout_cave_pools,
          minmay_temple_entry_poolview
D:5:      layout_layer_cave, serial_bayou_lake_a
D:6:      layout_loops_corners, nicolae_ru_the_path_less_chosen,
          small_statue_alley_b, minmay_manual_mail
Temple:   minmay_crystal_spiral_temple

Skill      XL: |  1  2  3  4  5  6  7  8 |
---------------+-------------------------+-----
Fighting       | 1 2 4 5 6 |  6.6
Spellcasting   | 4 5 6 |  6.1
Dodging        | |  2.1
Stealth        | |  1.5

Action                     |  1- 3 |  4- 6 |  7- 9 || total
---------------------------+-------+-------+-------++-------
  Melee: Mace              |    22 |       |       ||    22
         Short sword       |    37 |    13 |       ||    50
         Spear             |       |    35 |   157 ||   192
         Punch             |       |       |     4 ||     4
   Cast: Summon Small Mamm |    48 |    16 |    24 ||    88
         Call Imp          |     2 |     4 |    10 ||    16
         Call Canine Famil |       |     9 |    15 ||    24
         Shock             |       |       |     3 ||     3
         Summon Guardian G |       |       |     1 ||     1
    Use: Scroll            |       |     4 |     2 ||     6
         Potion            |       |     1 |       ||     1
   Stab: Sleeping          |     2 |       |       ||     2
         Distracted        |       |     1 |     1 ||     2
 Armour: Robe              |    16 |     7 |       ||    23
         Troll leather arm |       |       |    22 ||    22
  Dodge: Dodged            |    44 |    39 |   109 ||   192
